 Dungeon Crawl Stone Soup version 0.17-a0-2231-gd80ca38 (webtiles) character file.

205673 zarick13 the Shatterer (level 18, -8/205 HPs)
             Began as an Ogre Berserker on Nov 1, 2015.
             Was a High Priest of Trog.
             Mangled by a salamander
             ... wielding a +1 glaive
              (15 damage)
             ... on level 3 of the Snake Pit on Nov 2, 2015.
             The game lasted 02:16:05 (38748 turns).

zarick13 the Shatterer (Ogre Berserker)            Turns: 38748, Time: 02:16:05

Health: -8/205     AC: 16    Str: 33    XL:     18   Next: 69%
Magic:  7/7        EV: 11    Int:  6    God:    Trog [*****.]
Gold:   3143       SH:  0    Dex:  9    Spells: 0 memorised, 17 levels left

rFire  . . .     SeeInvis .     C - +4 giant spiked club (antimagic)
rCold  + . .     Clarity  +     D - +4 troll leather armour
rNeg   . . .     SustAt   .     (no shield)
rPois  .         Gourm    .     P - +2 hat
rElec  .         Spirit   .     x - +1 cloak
rCorr  .         Warding  .     (gloves unavailable)
rMut   .         Stasis   .     (boots unavailable)
MR     +++..                    y - amulet "Omeufaj" {Clar rC+ Slay+2 Stlth+}
Stlth  ++........               a - ring of flight
                                G - +3 ring of protection

@: lethally poisoned (-8 -> -8), exhausted, regenerating, slowed, very slow,
extremely resistant to hostile enchantments, unstealthy
A: unfitting armour, tough skin 1
a: Berserk, Trog's Hand, Brothers in Arms, Burn Spellbooks, Renounce Religion,
Evoke Flight
}: 1/15 runes: decaying


You were on level 3 of the Snake Pit.
You worshipped Trog.
Trog was extremely pleased with you.
You were near starving.

You visited 5 branches of the dungeon, and saw 34 of its levels.
You also visited: Labyrinth and Volcano.

You collected 3425 gold pieces.
You spent 282 gold pieces at shops.

Inventory:

Hand Weapons
 b - a +5 blowgun
 C - a +4 antimagic giant spiked club (weapon)
Missiles
 h - 7 javelins of penetration
 j - 10 javelins of returning (quivered)
 n - 7 curare-tipped needles
 K - 3 javelins
 O - 23 large rocks
 X - 6 needles of sleeping
Armour
 x - a +1 cloak (worn)
 D - a +4 troll leather armour (worn)
 E - a +1 robe of fire resistance
 P - a +2 hat (worn)
Jewellery
 a - a ring of flight (right hand)
 y - the amulet "Omeufaj" (around neck) {Clar rC+ Slay+2 Stlth+}
   (You found it in a labyrinth)

   [amulet of clarity]

   It provides mental clarity.
   It affects your accuracy and damage with ranged weapons and melee attacks
   (+2).
   It protects you from cold.
   It makes you more stealthy.
 A - a +2 ring of protection
 G - a +3 ring of protection (left hand)
 N - the ring "Kusap" {MR++ Int+5}
   (You bought it in a shop on level 8 of the Dungeon)

   [ring of intelligence]

   It affects your intelligence (+5).
   It affects your resistance to hostile enchantments.
 V - an uncursed ring of sustain attributes
Wands
 u - a wand of disintegration (10)
 z - a wand of digging (19)
 F - a wand of flame (16)
 H - a wand of invisibility (3)
 M - a wand of teleportation (1)
 Q - a wand of fire (2)
 Y - a wand of fireball (8)
Scrolls
 m - 7 scrolls of teleportation
 p - 16 scrolls of remove curse
 s - 2 scrolls of magic mapping
 v - a scroll of summoning
 w - a scroll of brand weapon {unknown}
 B - 4 scrolls of recharging
 L - 3 scrolls of identify
 T - 2 scrolls of blinking
 U - a scroll of fog
 W - a scroll of enchant armour
Potions
 d - 5 potions of flight
 e - 13 potions of curing
 g - 4 potions of invisibility
 i - a potion of berserk rage
 k - 4 potions of cancellation
 o - 4 potions of haste
 q - 6 potions of might
 r - a potion of magic
 I - 3 potions of agility
 J - a potion of cure mutation
 S - 2 potions of resistance
Comestibles
 c - 21 bread rations
 f - 11 beef jerkies
 l - 10 meat rations
 t - a slice of pizza
 R - 2 royal jellies


   Skills:
 - Level 18.3 Fighting
 - Level 24.2 Maces & Flails
 * Level 15.7 Throwing
 - Level 4.3 Armour
 - Level 5.9 Dodging
 - Level 7.1 Evocations


You had 17 spell levels left.
You didn't know any spells.

Dungeon Overview and Level Annotations

Branches:
Dungeon (15/15)            Temple (0/1) D:7            Lair (8/8) D:10
  Swamp (4/4) Lair:6        Snake (3/4) Lair:5        Slime (0/6) Lair:6
    Orc (4/4) D:11            Elf (0/3) Orc:3        Vaults (0/5) D:14
 Depths (0/5) D:15

Altars:
Qazlal
Sif Muna
Trog
Vehumet
Yredelemnul
Zin
The Shining One
Jiyva

Shops:
D:4 *   D:8 *   Orc:4 (:[*   Snake:1 [   Snake:2 %


Innate Abilities, Weirdness & Mutations

You are too large for most types of armour.
You have tough skin (AC +1).


Message History

The guardian serpent weaves intricate patterns with the tip of its tongue.
The salamander mystic blinks!
The salamander hits you from afar with an enchanted glaive.
* * * LOW HITPOINT WARNING * * *
You are engulfed in flames!
* * * LOW HITPOINT WARNING * * *
Unknown command.
Drink which item? (? for menu, Esc to quit)
Okay, then.
Read which item? (? for menu, Esc to quit)
Okay, then.
Your skin crawls.
You feel resistant to hostile enchantments.
You feel slightly more hungry.
You feel sick. The guardian serpent hits you.
* * * LOW HITPOINT WARNING * * *
The salamander mystic closely misses you.
The salamander hits you from afar with an enchanted glaive.
* * * LOW HITPOINT WARNING * * *
You are engulfed in flames!
You die...

.N... .... #...
... .. ##§ ..#
#N# ##.+
#@#####..## (
#NS§.#....# N.
#§N.......###NN.
#...§..........N
##..............
#..............
##N....########
#N....# ##.)).#


You could see a salamander mystic, a salamander, a guardian serpent and a naga.

Vanquished Creatures
  A bone dragon (Swamp:4)
  Rupert (Lair:8)
  Gastronok (D:8)
  4 thorn hunters
  Maud (D:12)
  An orc warlord (Orc:4)
  The ghost of zureal the Severer, a journeyman MiBe of Trog (Lair:6)
  An ettin (Orc:4)
  Snorg (D:11)
  4 vault guards (D:14)
  The ghost of shmup the Severer, a journeyman MiBe of Trog (D:12)
  A minotaur (Lab)
  Fannar (Orc:1)
  3 ghost crabs
  3 naga warriors
  2 catoblepae
  6 anacondas
  12 hydras
  The ghost of Zizzlebop the Cleaver, a novice HOBe of Trog (Orc:4)
  3 centaur warriors
  9 death yaks (Lair:8)
  A deep troll earth mage (D:13)
  An ogre mage (D:13)
  A deep troll shaman (Lair:8)
  4 alligators
  4 orc high priests (Orc:4)
  A tengu warrior (D:15)
  4 spriggans
  A naga sharpshooter (Snake:1)
  Nergalle (Orc:1)
  A skeletal warrior (D:14)
  4 spriggan druids
  4 spectral hydras (Swamp:4)
  2 unseen horrors
  2 lindwurms
  2 naga ritualists (Snake:2)
  4 swamp dragons
  A shambling mangrove (Swamp:2)
  6 hill giants
  A giant orange brain (D:15)
  2 phantasmal warriors (Swamp:4)
  2 oklob plants (Lair:8)
  6 mana vipers
  3 ugly things
  A manticore (D:13)
  2 griffons
  3 cyclopes
  3 salamanders
  4 orc knights
  4 orc sorcerers
  An elephant (shapeshifter) (D:15)
  An octopode (shapeshifter) (D:15)
  2 hornets (Swamp:2)
  7 naga magi
  A torpor snail (Lair:6)
  Psyche (D:10)
  15 elephants
  5 centaur zombies
  2 molten gargoyles (Volcano)
  5 swamp worm zombies (Swamp:4)
  3 gargoyles
  24 spiny frogs
  12 black mambas
  A kobold demonologist (D:11)
  10 komodo dragons
  An efreet (D:15)
  5 hydra zombies (Swamp:4)
  5 fire drakes
  6 trolls
  A wind drake (shapeshifter) (D:15)
  A wolf spider simulacrum (D:14)
  3 two-headed ogres
  4 giant leeches
  8 bog bodies
  23 slime creatures
  2 spectral swamp dragons (Swamp:4)
  A two-headed ogre (shapeshifter) (D:15)
  An alligator zombie (Swamp:4)
  9 blink frogs
  A shadow (Swamp:2)
  7 fire bats
  A trapdoor spider (shapeshifter) (D:15)
  A centaur simulacrum (D:14)
  2 trapdoor spiders
  66 yaks
  11 hippogriffs
  A wyvern (Lair:6)
  A vampire (D:15)
  2 deep elf magi
  3 basilisks
  A hog (shapeshifter) (D:15)
  19 wolves
  2 steam dragons
  2 hungry ghosts
  Menkaure (D:6)
  19 vampire mosquitoes
  13 insubstantial wisps
  3 mottled dragons
  A warg (Orc:2)
  17 nagas
  22 swamp worms
  A hell hound (D:12)
  9 swamp drakes
  8 porcupines
  3 sky beasts
  19 water moccasins
  4 ice beasts
  6 phantoms
  An eye of draining (D:13)
  8 wasps
  27 orc warriors
  2 swamp dragon zombies (Swamp:4)
  5 black bears
  13 ogres
  12 centaurs
  5 big kobolds
  12 crocodiles
  A brain worm (shapeshifter) (D:14)
  15 giant frogs
  A gnoll sergeant (D:4)
  A wyvern skeleton (D:8)
  10 killer bees
  A vampire bat (D:5)
  8 wights
  6 scorpions
  An electric eel (Lair:8)
  8 crimson imps
  A giant frog zombie (D:5)
  4 lava snakes
  27 orc priests
  6 iguanas
  A wasp zombie (D:9)
  3 centaur skeletons
  9 hounds
  3 jellies
  3 giant frog skeletons
  9 worker ants
  38 orc wizards
  18 sheep
  A spectral swamp drake (Swamp:4)
  4 hound skeletons
  A worker ant zombie (D:6)
  10 adders
  47 river rats
  A swamp drake zombie (Swamp:4)
  A shadow imp (D:10)
  2 oozes (D:1)
  An adder skeleton (D:4)
  3 worms
  5 giant geckos
  167 orcs
  5 giant cockroaches
  A hobgoblin (shapeshifter) (D:15)
  7 hobgoblins
  11 jackals
  30 kobolds
  3 quokkas
  3 ball pythons
  A ball python skeleton (D:6)
  16 bats
  2 giant gecko skeletons (D:8)
  6 giant newts
  5 goblins
  A jackal skeleton (D:7)
  8 rats
  2 fire vortices (D:12)
  A fungus (Lair:8)
  2 plants (Lair:8)
1145 creatures vanquished.

Vanquished Creatures (collateral kills)
  A phantom (Swamp:4)
  6 sheep (Lair:8)
7 creatures vanquished.

Vanquished Creatures (others)
  A fire vortex (D:12)
  7 fungi
  3 plants
11 creatures vanquished.

Grand Total: 1163 creatures vanquished

Notes
Turn   | Place    | Note
--------------------------------------------------------------
     0 | D:1      | zarick13 the Ogre Berserker began the quest for the Orb.
     0 | D:1      | Reached XP level 1. HP: 24/24 MP: 1/1
   131 | D:1      | Reached XP level 2. HP: 20/32 MP: 2/2
   368 | D:1      | Reached skill level 5 in Maces & Flails
   612 | D:1      | Reached XP level 3. HP: 21/39 MP: 3/3
  1179 | D:2      | Reached ** piety under Trog
  1386 | D:2      | Reached skill level 6 in Maces & Flails
  1815 | D:2      | Reached XP level 4. HP: 48/48 MP: 4/4
  2150 | D:3      | Found a glowing silver altar of Zin.
  2150 | D:3      | Found a basalt altar of Yredelemnul.
  2580 | D:4      | Noticed a gnoll sergeant
  2595 | D:4      | Killed a gnoll sergeant
  2595 | D:4      | Reached skill level 7 in Maces & Flails
  2595 | D:4      | Reached XP level 5. HP: 54/54 MP: 5/5
  2742 | D:4      | Reached skill level 8 in Maces & Flails
  2835 | D:4      | Found Fuqaed's General Store.
  3589 | D:4      | Reached *** piety under Trog
  3589 | D:4      | Reached XP level 6. HP: 50/62 MP: 6/6
  3773 | D:4      | Noticed an orc warrior
  3802 | D:4      | Killed an orc warrior
  3802 | D:4      | Reached skill level 9 in Maces & Flails
  4170 | D:5      | Entered Level 5 of the Dungeon
  4234 | D:5      | Reached skill level 10 in Maces & Flails
  4234 | D:5      | Reached XP level 7. HP: 56/70 MP: 7/7
  4742 | D:5      | Reached skill level 11 in Maces & Flails
  5121 | D:6      | Noticed Menkaure
  5128 | D:6      | Killed Menkaure
  5128 | D:6      | Reached XP level 8. HP: 35/78 MP: 8/8
  5460 | D:6      | Reached skill level 12 in Maces & Flails
  6027 | D:6      | Reached skill level 13 in Maces & Flails
  6258 | D:6      | Found a glowing golden altar of the Shining One.
  6318 | D:6      | Found a radiant altar of Vehumet.
  6320 | D:6      | Found a stormy altar of Qazlal.
  6739 | D:7      | Reached skill level 14 in Maces & Flails
  6816 | D:7      | Reached XP level 9. HP: 81/84 MP: 9/9
  6971 | D:7      | Found a staircase to the Ecumenical Temple.
  7023 | D:7      | Found a bloodstained altar of Trog.
  7033 | D:7      | Reached skill level 5 in Fighting
  7942 | D:8      | Reached **** piety under Trog
  8011 | D:8      | Reached skill level 15 in Maces & Flails
  8278 | D:8      | Found Sufol's Assorted Antiques.
  8286 | D:8      | Bought a faintly glowing ivory ring for 140 gold pieces
  8286 | D:8      | Identified the ring "Kusap" {MR++ Int+5} (You bought it in a shop on level 8 of the Dungeon)
  8573 | D:8      | Noticed Gastronok
  8591 | D:8      | Killed Gastronok
  8591 | D:8      | Reached skill level 17 in Maces & Flails
  8591 | D:8      | Reached XP level 10. HP: 53/100 MP: 10/10
  9269 | D:9      | Reached skill level 18 in Maces & Flails
  9419 | D:9      | Reached skill level 5 in Dodging
  9729 | D:10     | Entered Level 10 of the Dungeon
  9745 | D:10     | Reached XP level 11. HP: 57/107 MP: 11/11
  9952 | D:10     | Reached skill level 1 in Throwing
 10045 | D:10     | Noticed Psyche
 10052 | D:10     | Killed Psyche
 10231 | D:10     | Reached skill level 5 in Throwing
 10367 | D:10     | Found a staircase to the Lair.
 10808 | D:11     | Received a gift from Trog
 10983 | D:11     | Found a staircase to the Orcish Mines.
 11270 | D:11     | Noticed Snorg
 11280 | D:11     | Killed Snorg
 11678 | D:11     | Reached ***** piety under Trog
 12410 | Lair:1   | Entered Level 1 of the Lair of Beasts
 12734 | Lair:1   | Received a gift from Trog
 12871 | D:8      | Bought a runed blowgun for 70 gold pieces
 13102 | Lair:1   | Reached XP level 12. HP: 115/115 MP: 12/12
 13301 | Lair:2   | Reached skill level 10 in Throwing
 13357 | Lair:2   | Noticed a four-headed hydra
 13362 | Lair:2   | Killed a four-headed hydra
 14599 | Lair:3   | Received a gift from Trog
 15023 | Lair:3   | Received a gift from Trog
 15981 | Lair:4   | Noticed a catoblepas
 15981 | Lair:4   | Noticed a five-headed hydra
 16012 | Lair:4   | Reached skill level 10 in Fighting
 16345 | Lair:4   | Got an ancient whip
 16346 | Lair:4   | Identified the +4 whip of the Hidden Gods {drain, rN+} (You found it on level 4 of the Lair of Beasts)
 16442 | Lair:4   | Killed a five-headed hydra
 16442 | Lair:4   | Reached XP level 13. HP: 77/141 MP: 13/13
 16992 | Lair:4   | Killed a catoblepas
 17197 | Lair:5   | Found a dark tunnel.
 17218 | Volcano  | Entered a volcano
 17410 | Volcano  | Found a bloodstained altar of Trog.
 17768 | Lair:5   | Received a gift from Trog
 18010 | Lair:5   | Received a gift from Trog
 18086 | Lair:5   | Found a staircase to the Snake Pit.
 18140 | Lair:5   | Reached skill level 15 in Fighting
 19165 | Lair:6   | Found a labyrinth entrance.
 19174 | Lab      | Entered a labyrinth
 19778 | Lab      | Noticed a minotaur
 19782 | Lab      | Killed a minotaur
 19800 | Lab      | Got a warped iron amulet
 19801 | Lab      | Identified the amulet "Omeufaj" {Clar rC+ Slay+2 Stlth+} (You found it in a labyrinth)
 19814 | Lair:6   | Found a staircase to the Swamp.
 19939 | Lair:6   | Noticed zureal's ghost (journeyman MiBe)
 19947 | Lair:6   | Killed zureal's ghost
 19989 | Lair:6   | Found a viscous altar of Jiyva.
 19990 | Lair:6   | Found a staircase to the Slime Pits.
 20026 | Lair:6   | Reached skill level 19 in Maces & Flails
 20476 | Lair:6   | Found a basalt altar of Yredelemnul.
 21189 | Lair:7   | Reached XP level 14. HP: 145/159 MP: 14/14
 21195 | Lair:7   | Received a gift from Trog
 21795 | Lair:7   | Received a gift from Trog
 22170 | Lair:8   | Entered Level 8 of the Lair of Beasts
 22343 | Lair:8   | Received a gift from Trog
 23111 | Lair:8   | Noticed Rupert
 23120 | Lair:8   | Killed Rupert
 23702 | Lair:8   | Reached skill level 15 in Throwing
 24063 | Lair:8   | Received a gift from Trog
 24395 | D:10     | Noticed a hill giant
 24401 | D:10     | Killed a hill giant
 24467 | Orc:1    | Entered Level 1 of the Orcish Mines
 24467 | Orc:1    | Noticed Fannar
 24478 | Orc:1    | Killed Fannar
 24478 | Orc:1    | Reached XP level 15. HP: 153/170 MP: 15/15
 24949 | Orc:2    | Received a gift from Trog
 25166 | Orc:1    | Noticed Nergalle
 25168 | Orc:1    | Killed Nergalle
 25348 | Orc:1    | Found a deep blue altar of Sif Muna.
 25708 | Orc:3    | Found a staircase to the Elven Halls.
 25811 | Orc:3    | Received a gift from Trog
 26011 | Orc:4    | Entered Level 4 of the Orcish Mines
 26108 | Orc:4    | Noticed Zizzlebop's ghost (novice HOBe)
 26112 | Orc:4    | Killed Zizzlebop's ghost
 26409 | Orc:4    | Reached skill level 20 in Maces & Flails
 26478 | Orc:4    | Received a gift from Trog
 26548 | Orc:4    | Reached ****** piety under Trog
 26566 | Orc:4    | Received a gift from Trog
 26567 | Orc:4    | Got a crude dire flail {god gift}
 26587 | Orc:4    | Identified the +7 dire flail of Ilejasm {drain, rF+ Str-2 Dex+2} (Trog gifted it to you on level 4 of the Orcish Mines)
 26861 | Orc:4    | Found Hyarymm's General Store.
 26862 | Orc:4    | Found Megecocyth's Book Shop.
 26863 | Orc:4    | Found Mail's Antique Armour Shop.
 26863 | Orc:4    | Found Ketu's Antique Weapon Boutique.
 26881 | Orc:4    | Bought a scroll of identify for 36 gold pieces
 26881 | Orc:4    | Bought a scroll of identify for 36 gold pieces
 27516 | D:12     | Noticed shmup's ghost (journeyman MiBe)
 27521 | D:12     | Killed shmup's ghost
 27550 | D:12     | Noticed Maud
 27564 | D:12     | Reached skill level 21 in Maces & Flails
 27574 | D:12     | Killed Maud
 28524 | D:13     | Received a gift from Trog
 29523 | D:14     | Reached skill level 22 in Maces & Flails
 29803 | D:14     | Found a gate to the Vaults.
 29826 | D:14     | Reached XP level 16. HP: 130/179 MP: 5/16
 30126 | D:14     | Received a gift from Trog
 30273 | D:15     | Entered Level 15 of the Dungeon
 30393 | D:15     | Reached skill level 23 in Maces & Flails
 30576 | D:15     | Received a gift from Trog
 30638 | D:15     | Found a staircase to the Depths.
 31588 | Swamp:1  | Entered Level 1 of the Swamp
 31628 | Swamp:1  | Reached XP level 17. HP: 187/187 MP: 5/17
 32330 | Swamp:2  | Paralysed by a hornet for 4 turns
 32606 | Swamp:2  | Reached skill level 24 in Maces & Flails
 34090 | Swamp:3  | Received a gift from Trog
 34147 | Swamp:3  | Reached skill level 1 in Evocations
 34531 | Swamp:4  | Entered Level 4 of the Swamp
 34653 | Swamp:4  | Reached XP level 18. HP: 193/201 MP: 6/20
 35265 | Swamp:4  | Reached skill level 5 in Evocations
 35766 | Swamp:4  | Noticed a bone dragon
 35772 | Swamp:4  | Killed a bone dragon
 35992 | Swamp:4  | Got a decaying rune of Zot
 36621 | Snake:1  | Entered Level 1 of the Snake Pit
 36687 | Snake:1  | Received a gift from Trog
 36688 | Snake:1  | Got a bone giant club {god gift}
 36689 | Snake:1  | Identified the +3 giant club of Forgiveness {crush, Str-3 Int+4} (Trog gifted it to you on level 1 of the Snake Pit)
 36815 | Snake:1  | Found Puehedauq's Armour Shoppe.
 38468 | Snake:2  | Found Heukkidu's Food Shop.
 38748 | Snake:3  | HP: 7/205 [salamander/enchanted glaive (6)]
 38748 | Snake:3  | Mangled by a salamander

Vault maps used:
D:1:      erik_arrival_blinker_ship, hangedman_decor_peaks_small, st_stairs_14
D:2:      kennysheep_big_flooded_room, moated_statue, kennysheep_generic_room_13
D:3:      gammafunk_temple_overflow_elements, first_bread, serial_curves,
          eino_curves_01, eino_curves_02, kennysheep_generic_room_5
D:4:      serial_shops, shop
D:5:      abandoned_shop, roderic_batcave
D:6:      nicolae_overflow_hidden_temple, minivault_24, uniq_menkaure
D:7:      lightli_temple_of_fire, minmay_temple_entry_butterflies,
          grunt_ogre_cave, minmay_item_behind_shaft
D:8:      serial_shops, shop, kennysheep_small_spiral, uniq_gastronok
D:10:     lair_0_dummy, uniq_psyche
D:11:     orc_0_dummy, uniq_snorg
D:12:     hangedman_incinerator, uniq_maud
D:13:     evilmike_minifort
D:14:     lightli_vaults_fourway_checkpoint, hangedman_decor_opposing,
          serial_aquarium, aquarium_bridge_square, aquarium_bridge_square,
          aquarium_window_1, aquarium_window_2, aquarium_window_1,
          aquarium_window_1, aquarium_view_2b, aquarium_balcony_double_3,
          aquarium_pool_side, glass_columns_a, kennysheep_minor_cross
D:15:     gammafunk_enter_depths_forms
Lair:1:   infiniplex_staircase_pool_2
Lair:3:   grunt_megastairs_1
Lair:5:   guppyfry_snake_entry_garden, nicolae_volcano_entry_batcave,
          st_stairs_11
Lair:6:   swamp_mist, slime_altar_1, lab_entry_generic, lemuel_centaur_altar,
          lemuel_fruit_tree
Lair:7:   infiniplex_staircase_pool, lemuel_fruit_fields, grunt_megastairs_2
Lair:8:   grunt_lair_end_beastmaster, st_stairs_4, dpeg_oklob_1, uniq_rupert
Swamp:1:  evilmike_swamp_ruin_house_5
Swamp:2:  evilmike_swamp_ruin_house_3, swamp_pool1
Swamp:3:  hangedman_swamp_cone
Swamp:4:  swamp_pestilence
Snake:1:  serial_shops, shop
Snake:2:  serial_shops, nicolae_shop_stone
Orc:1:    led_sif_book, uniq_fannar, uniq_nergalle
Orc:3:    nicolae_orc_pool_cavern
Orc:4:    st_orc_congregation
Lab:      labyrinth_hidden_loot, nicolae_lab_swirl, labyrinth_glass_1,
          nicolae_lab_x, labyrinth_skeletal_remains, nicolae_lab_flowing_pool,
          nicolae_lab_plus
Volcano:  volcano_lake

Action                   |  1- 3 |  4- 6 |  7- 9 | 10-12 | 13-15 | 16-18 || total
-------------------------+-------+-------+-------+-------+-------+-------++-------
Melee: Mace              |   131 |   129 |    87 |       |       |       ||   347
       Flail             |       |       |   162 |       |       |       ||   162
       Giant club        |       |       |    96 |   508 |   934 |   259 ||  1797
       Giant spiked club |       |       |       |       |     5 |   316 ||   321
Throw: Tomahawk          |       |       |     4 |       |       |       ||     4
       Large rock        |       |       |       |     8 |    68 |    66 ||   142
       Javelin           |       |       |       |    23 |   233 |   200 ||   456
Invok: Berserk           |     1 |     2 |     7 |    10 |     7 |     7 ||    34
       Trog's Hand       |       |     2 |     3 |     7 |     8 |     5 ||    25
       Brothers in Arms  |       |       |       |       |     3 |     1 ||     4
Evoke: Wand              |       |       |       |     1 |     2 |       ||     3
  Use: Scroll            |     4 |     8 |     2 |    13 |    18 |     8 ||    53
       Potion            |       |       |       |       |     3 |     7 ||    10
 Stab: Distracted        |       |       |       |       |     1 |     1 ||     2
       Sleeping          |       |       |       |       |     3 |     1 ||     4
       Petrified         |       |       |       |       |     1 |       ||     1
  Eat: Chunk             |     4 |     7 |    19 |    25 |    39 |    11 ||   105
       Fruit             |       |     1 |     3 |    10 |     8 |    10 ||    32
       Pizza             |       |     1 |       |     1 |       |       ||     2
       Royal jelly       |       |       |       |     1 |     1 |       ||     2
       Bread ration      |       |       |       |       |     1 |     1 ||     2
       Meat ration       |       |       |       |       |       |     2 ||     2
       Beef jerky        |       |       |       |       |       |     4 ||     4
